 Dungeon Crawl Stone Soup version 0.18-a0-844-g9229740 (webtiles) character file.

9781 Raultor the Basher (level 11, -9/86 HPs)
             Began as a Demonspawn Fighter on Dec 19, 2015.
             Was a High Priest of Makhleb.
             Killed from afar by Nergalle (22 damage)
             ... with a bolt of negative energy
             ... on level 11 of the Dungeon.
             The game lasted 00:32:54 (9784 turns).

Raultor the Basher (Demonspawn Fighter)             Turns: 9784, Time: 00:32:55

Health: -9/86      AC: 17    Str: 18    XL:     11   Next: 27%
Magic:  16/16      EV:  8    Int: 11    God:    Makhleb [*****.]
Gold:   652        SH:  9    Dex: 13    Spells: 2 memorised, 6 levels left

rFire  + . .     SeeInvis .     A - +1 flail (pain)
rCold  x . .     Gourm    .     b - +0 scale mail
rNeg   . . .     Faith    .     c - +0 shield
rPois  .         Spirit   .     N - +2 helmet
rElec  .         Dismiss  .     E - +2 cloak
rCorr  .         Reflect  .     u - +2 pair of gloves
SustAt .         Harm     .     (no boots)
MR     .....                    (no amulet)
Stlth  ..........               v - ring of wizardry {Wiz+, !d}
                                L - ring of fire {rF+, rC-}

@: heavily drained, not resistant to hostile enchantments, extremely unstealthy
A: hooves 1, molten scales 1, demonic guardian 1, spiny 2
a: Minor Destruction, Lesser Servant of Makhleb, Major Destruction, Greater
Servant of Makhleb, Renounce Religion


You were on level 11 of the Dungeon.
You worshipped Makhleb.
Makhleb was extremely pleased with you.
You were hungry.

You visited 2 branches of the dungeon, and saw 12 of its levels.

You collected 820 gold pieces.
You spent 168 gold pieces at shops.

Inventory:

Hand Weapons
 A - a +1 flail of pain (weapon)
   (You took it off Edmund on level 4 of the Dungeon)
Missiles
 R - 2 throwing nets {=f, !d}
Armour
 b - a +0 scale mail (worn)
 c - a +0 shield (worn)
 u - a +2 pair of gloves (worn)
   (You found it on level 3 of the Dungeon)
 E - a +2 cloak (worn)
   (You found it on level 5 of the Dungeon)
 N - a +2 helmet (worn)
   (You found it on level 6 of the Dungeon)
Magical Staves
 M - an uncursed staff of air {rElec}
   (You found it on level 6 of the Dungeon)
Jewellery
 g - an uncursed ring of magical power {MP+9}
   (You found it on level 1 of the Dungeon)
 v - a ring of wizardry (right hand) {Wiz+, !d}
   (You found it on level 3 of the Dungeon)
 L - a ring of fire (left hand) {rF+, rC-}
   (You found it on level 6 of the Dungeon)
Wands
 a - a wand of teleportation (4)
   (You took it off Erica on level 9 of the Dungeon)
 n - a wand of digging (8)
   (You found it on level 2 of the Dungeon)
 T - a wand of draining (8)
   (You found it on level 8 of the Dungeon)
 V - a wand of confusion (25)
   (You found it on level 8 of the Dungeon)
Scrolls
 e - 6 scrolls of remove curse
 h - 4 scrolls of amnesia {unknown}
 l - a scroll of noise {unknown}
 m - 4 scrolls of recharging {unknown}
 s - 5 scrolls of identify
 x - 2 scrolls of fog {unknown}
 y - a scroll of vulnerability {unknown}
 C - 4 scrolls of teleportation
 G - a scroll of enchant weapon {unknown}
 H - 3 scrolls of enchant armour {unknown}
 I - a scroll of immolation {unknown}
 J - 4 scrolls of magic mapping {!r}
 K - a scroll of brand weapon {unknown}
 O - 2 scrolls of random uselessness
 Q - 2 scrolls of blinking {!r}
 S - 2 scrolls of fear {unknown}
 Y - a scroll of acquirement {unknown}
 Z - a scroll of summoning {unknown}
Potions
 d - 2 potions of cancellation
 i - 3 potions of poison {!q}
 j - 5 potions of curing
 o - 2 potions of agility
 p - a potion of resistance
 q - 2 potions of flight
 z - a potion of brilliance
 B - 3 potions of heal wounds
 D - 2 potions of cure mutation {!q}
 P - a potion of berserk rage {!q}
 W - a potion of degeneration {!q}
Books
 U - a book of Minor Magic
   (You found it on level 8 of the Dungeon)
 X - a book of Alchemy
   (You found it on level 10 of the Dungeon)
Comestibles
 f - 6 bread rations {@e1}
 k - 7 meat rations {@e2}
 r - a slice of pizza
 t - 23 fruits
 w - 5 beef jerkies


   Skills:
 + Level 7.8(4.7) Fighting
 * Level 9.0(5.9) Maces & Flails
 + Level 6.8(3.9) Armour
 + Level 6.1(3.2) Dodging
 + Level 6.6(3.6) Shields
 + Level 0.4(0.0) Necromancy
 + Level 7.8(4.7) Invocations


You had 6 spell levels left.
You knew the following spells:

 Your Spells              Type           Power        Failure   Level  Hunger
d - Repel Missiles        Chrm/Air       #.....       99%         2    ###....
m - Sublimation of Blood  Necr           #.........   99%         2    ###....


Dungeon Overview and Level Annotations

Branches:
Dungeon (11/15)            Temple (1/1) D:5             Orc (0/2) D:10
   Lair: D:8-11

Altars:
Ashenzari
Cheibriados
Dithmenos
Elyvilon
Fedhas
Gozag
Kikubaaqudgha
Makhleb
Nemelex Xobeh
Okawaru
Pakellas
Qazlal
Ru
Sif Muna
Trog
Vehumet
Xom
Yredelemnul
Zin
The Shining One

Shops:
D:7 (*?

Annotations:
D:11 Nergalle


Innate Abilities, Weirdness & Mutations

You have large cloven feet.
You are partially covered in molten scales (AC +1).
A weak demonic guardian rushes to your aid.
You are mostly covered in sharp spines.


Message History

You hit Nergalle but do no damage. You kick Nergalle, but do no damage.
You block Nergalle's attack.
You sock Nergalle!
Your iron imp completely misses Nergalle.
Nergalle barely misses you.
The spectral orc warrior is struck by your spines.
The spectral orc warrior hits you but does no damage.
You closely miss Nergalle. Your kick misses Nergalle.
Nergalle mutters something.
Nergalle mumbles some strange words.
Nergalle stands defiantly in death's doorway!
Your iron imp misses Nergalle.
You block the spectral orc warrior's attack.
You hit the spectral orc warrior but do no damage.
You kick the spectral orc warrior, but do no damage.
Nergalle hits you but does no damage.
Your iron imp completely misses Nergalle.
You sock the spectral orc warrior!
You kick the spectral orc warrior, but do no damage.
Your iron imp disappears in a puff of smoke!
You block the spectral orc warrior's attack.
You block Nergalle's attack.
Your iron imp barely misses Nergalle.
You hit the spectral orc warrior but do no damage.
You kick the spectral orc warrior, but do no damage.
Nergalle closely misses you.
You block the spectral orc warrior's attack.
Your iron imp closely misses Nergalle.
You hit the spectral orc warrior. Nergalle completely misses you.
The spectral orc warrior hits you but does no damage.
Your iron imp hits Nergalle.
You hit the spectral orc warrior but do no damage.
Nergalle hits your iron imp with a dagger.
The spectral orc warrior hits you but does no damage.
You hit the spectral orc warrior.
Your iron imp disappears in a puff of smoke!
Nergalle is struck by your spines. Nergalle misses you.
You hit the spectral orc warrior but do no damage.
You kick the spectral orc warrior, but do no damage.
Nergalle hits you but does no damage.
The spectral orc warrior is struck by your spines.
The spectral orc warrior hits you but does no damage.
You hit the spectral orc warrior.
You destroy the spectral orc warrior!
You block Nergalle's attack.
You hit Nergalle but do no damage. Nergalle hits you but does no damage.
You hit Nergalle but do no damage. You kick Nergalle, but do no damage.
Nergalle is struck by your spines. Nergalle hits you but does no damage.
You hit Nergalle but do no damage. Your kick misses Nergalle.
Nergalle hits you but does no damage.
Nergalle gestures at you while chanting.
Orcish apparitions take form around you.
You hit Nergalle but do no damage. Your kick misses Nergalle.
Nergalle hits you but does no damage.
You hit the spectral orc warrior.
You kick the spectral orc warrior, but do no damage.
The spectral orc warrior is struck by your spines.
The spectral orc warrior closely misses you.
Nergalle hits you but does no damage.
You hit the spectral orc warrior but do no damage.
You kick the spectral orc warrior, but do no damage.
Nergalle casts a spell at you. The bolt of negative energy hits you!
You feel drained.
The spectral orc warrior is struck by your spines.
The spectral orc warrior barely misses you.
You take 24 damage, and have 56/86 hp.
MASSIVE DAMAGE!!
Nergalle gestures at you while chanting.
The bolt of negative energy hits you!
You feel drained.
You take 4 damage, and have 52/86 hp.
You hit the spectral orc warrior but do no damage.
You kick the spectral orc warrior, but do no damage.
Nergalle gestures at you while chanting.
Orcish apparitions take form around you.
You block the spectral orc warrior's attack.
You barely miss Nergalle. You kick Nergalle, but do no damage.
Nergalle points at you and mumbles some strange words.
The bolt of negative energy hits you!
You feel drained.
* * * LOW HITPOINT WARNING * * *
The spectral orc warrior hits you but does no damage.
You take 40 damage, and have 12/86 hp.
MASSIVE DAMAGE!!
Your ufetubus barely misses Nergalle.
Your ufetubus hits Nergalle but does no damage.
Nergalle is no longer invulnerable.
Your ufetubus hits the spectral orc warrior but does no damage. x2
Your ufetubus barely misses the spectral orc.
Your ufetubus closely misses the spectral orc.
You hit Nergalle but do no damage. You kick Nergalle, but do no damage.
Your ufetubus hits the spectral orc but does no damage.
Your ufetubus closely misses the spectral orc.
You block Nergalle's attack.
You closely miss Nergalle. Your kick misses Nergalle.
Your ufetubus hits the spectral orc. x2
Nergalle gestures at you while chanting.
The bolt of negative energy hits you!
You feel drained.
You die...

#.# #.# #.#
#.# #.# #.#
#<# #@# #
#o# .#
#Z##.>####
#ZZ.......
#.5.Z...####
#.###.......
..$ .......
### .######


You could see Nergalle, 2 spectral orcs, 2 spectral orc warriors and a friendly
ufetubus.

Vanquished Creatures
  Erica (D:9)
  Joseph (D:7)
  3 gargoyles
  3 yaks (D:10)
  A hippogriff (D:8)
  A hungry ghost (D:9)
  A steam dragon (D:10)
  3 wolves (D:9)
  Edmund (D:4)
  6 ice beasts
  A water moccasin (D:6)
  4 black bears
  4 orc warriors
  6 ogres
  10 centaurs
  2 phantoms
  2 gnoll sergeants
  3 giant frogs
  A big kobold (D:5)
  4 scorpions
  4 killer bees (D:9)
  10 wights
  A giant frog zombie (D:5)
  3 crimson imps
  4 jellies
  6 orc wizards
  2 centaur zombies
  4 hounds
  A centaur skeleton (D:5)
  2 giant frog skeletons
  7 orc priests
  Terence (D:2)
  10 worker ants
  Natasha (thrice) (D:4)
  3 iguanas
  2 hound skeletons
  16 adders
  17 gnolls
  A river rat (D:3)
  3 shadow imps
  6 oozes
  An adder skeleton (D:8)
  3 worms (D:3)
  8 giant geckos
  37 orcs
  8 bats
  5 giant cockroaches
  4 goblins (D:2)
  16 hobgoblins
  8 jackals
  13 kobolds
  A ball python (D:3)
  A giant gecko skeleton (D:7)
  6 giant newts
  4 quokkas
  A quokka skeleton (D:6)
  A quokka zombie (D:9)
  5 rats
  A butterfly (D:5)
287 creatures vanquished.

Vanquished Creatures (collateral kills)
  A deep elf mage (D:8)
  A troll (D:10)
  Grum (D:9)
  A hungry ghost (D:8)
  A wolf (D:9)
  A soldier ant (D:8)
  An orc warrior (D:8)
  A worker ant (D:8)
  An adder (D:10)
  4 orcs
13 creatures vanquished.

Vanquished Creatures (others)
  2 plants (D:7)
2 creatures vanquished.

Grand Total: 302 creatures vanquished

Notes
Turn   | Place    | Note
--------------------------------------------------------------
     0 | D:1      | Raultor the Demonspawn Fighter began the quest for the Orb.
     0 | D:1      | Reached XP level 1. HP: 18/18 MP: 1/1
    24 | D:1      | Reached skill level 2 in Maces & Flails
    62 | D:1      | Found a shattered altar of Ashenzari.
   121 | D:1      | Gained mutation: You are partially covered in sharp spines. [demonic ancestry]
   121 | D:1      | Reached XP level 2. HP: 17/24 MP: 2/2
   254 | D:1      | Reached skill level 3 in Armour
   535 | D:2      | Noticed Terence
   550 | D:2      | Killed Terence
   550 | D:2      | Reached skill level 3 in Shields
   550 | D:2      | Reached XP level 3. HP: 21/29 MP: 3/3
   586 | D:2      | Reached skill level 1 in Dodging
   656 | D:2      | Gained mutation: You are partially covered in molten scales (AC +1). [demonic ancestry]
   656 | D:2      | Reached XP level 4. HP: 25/35 MP: 4/4
   965 | D:2      | Found a snail-covered altar of Cheibriados.
  1546 | D:3      | Gained mutation: You are mostly covered in sharp spines. [demonic ancestry]
  1546 | D:3      | Reached XP level 5. HP: 39/41 MP: 5/5
  1556 | D:3      | Reached skill level 3 in Maces & Flails
  2322 | D:3      | Reached skill level 2 in Dodging
  2422 | D:4      | Reached XP level 6. HP: 48/48 MP: 6/6
  2426 | D:4      | Reached skill level 4 in Fighting
  2554 | D:4      | Noticed Edmund
  2561 | D:4      | Killed Edmund
  2566 | D:4      | Reached skill level 4 in Maces & Flails
  2566 | D:4      | Reached skill level 4 in Armour
  2683 | D:4      | Noticed Natasha
  2689 | D:4      | Gained mutation: You have large cloven feet. [demonic ancestry]
  2689 | D:4      | Reached XP level 7. HP: 37/55 MP: 7/7
  2690 | D:4      | Killed Natasha
  3019 | D:4      | Noticed Natasha
  3024 | D:4      | Killed Natasha
  3024 | D:4      | Reached skill level 4 in Shields
  3055 | D:4      | Noticed Natasha
  3058 | D:4      | Killed Natasha
  3246 | D:5      | Entered Level 5 of the Dungeon
  3434 | D:5      | Reached skill level 5 in Maces & Flails
  3478 | D:5      | Found a staircase to the Ecumenical Temple.
  3498 | Temple   | Entered the Ecumenical Temple
  3558 | Temple   | Became a worshipper of Makhleb the Destroyer
  3579 | D:5      | Reached skill level 3 in Dodging
  3598 | D:5      | Reached XP level 8. HP: 58/61 MP: 8/8
  3762 | D:5      | Found an ancient bone altar of Kikubaaqudgha.
  3782 | D:5      | Reached skill level 1 in Invocations
  4465 | D:6      | Reached skill level 2 in Invocations
  4561 | D:6      | Reached skill level 5 in Fighting
  4597 | D:6      | Found a radiant altar of Vehumet.
  4709 | D:6      | Reached * piety under Makhleb
  4772 | D:6      | Reached skill level 3 in Invocations
  4877 | D:6      | Found an opulent altar of Gozag.
  4962 | D:6      | Found a bloodstained altar of Trog.
  4985 | D:7      | Noticed Joseph
  4998 | D:7      | Killed Joseph
  4998 | D:7      | Reached skill level 6 in Maces & Flails
  4998 | D:7      | Reached skill level 4 in Dodging
  5011 | D:7      | Reached XP level 9. HP: 48/68 MP: 11/11
  5033 | D:6      | Reached skill level 5 in Armour
  5210 | D:7      | Found Hirgh's Antique Weapon Shop.
  5223 | D:7      | Reached skill level 4 in Invocations
  5312 | D:7      | Reached skill level 5 in Shields
  5367 | D:7      | Found Qummegu's General Store.
  5373 | D:7      | Reached ** piety under Makhleb
  5414 | D:7      | Reached skill level 6 in Fighting
  5555 | D:7      | Found Suely's Magic Scroll Shoppe.
  5566 | D:7      | Bought a scroll of identify for 32 gold pieces
  5566 | D:7      | Bought a scroll of magic mapping for 56 gold pieces
  5566 | D:7      | Bought a scroll of identify for 32 gold pieces
  5566 | D:7      | Bought a scroll of teleportation for 48 gold pieces
  5806 | D:7      | Reached skill level 7 in Maces & Flails
  5806 | D:7      | Reached skill level 5 in Invocations
  6078 | D:6      | Reached *** piety under Makhleb
  6782 | D:8      | Gained mutation: A weak demonic guardian rushes to your aid. [demonic ancestry]
  6782 | D:8      | Reached XP level 10. HP: 77/77 MP: 14/14
  6874 | D:8      | Reached skill level 5 in Dodging
  6874 | D:8      | Reached skill level 6 in Invocations
  6892 | D:8      | Noticed a deep elf mage
  6911 | D:8      | Noticed a sun demon
  6927 | D:8      | Noticed a soul eater
  7160 | D:8      | Killed a deep elf mage
  7160 | D:8      | Reached skill level 8 in Maces & Flails
  7675 | D:8      | Reached skill level 6 in Armour
  7690 | D:8      | Learned a level 2 spell: Repel Missiles
  7721 | D:8      | Found a blossoming altar of Fedhas.
  7769 | D:9      | Noticed Grum
  7773 | D:9      | Reached skill level 7 in Fighting
  7778 | D:9      | Reached skill level 6 in Shields
  7778 | D:9      | Reached skill level 7 in Invocations
  7782 | D:9      | Killed Grum
  7863 | D:9      | Reached **** piety under Makhleb
  7865 | D:9      | Noticed Erica
  8069 | D:9      | Found a glowing golden altar of the Shining One.
  8069 | D:9      | Found a deep blue altar of Sif Muna.
  8104 | D:9      | Killed Erica
  8843 | D:9      | Reached XP level 11. HP: 84/84 MP: 16/16
  8887 | D:10     | Entered Level 10 of the Dungeon
  8903 | D:10     | Reached skill level 6 in Dodging
  8986 | D:10     | Reached ***** piety under Makhleb
  9101 | D:10     | Found a staircase to the Orcish Mines.
  9149 | D:10     | Reached skill level 9 in Maces & Flails
  9198 | D:10     | Learned a level 2 spell: Sublimation of Blood
  9354 | D:10     | HP: 17/85 [gargoyle/stone arrow (23)]
  9748 | D:11     | Noticed Nergalle
  9780 | D:11     | HP: 12/86 [Nergalle/bolt of negative energy (41)]
  9784 | D:11     | Killed from afar by Nergalle

Vault maps used:
D:1:      matt_arrival_spirals, ashenzari_altar_1
D:2:      cheibriados_altar_1, uniq_terence
D:3:      gup_sewer_entry_spiral, first_bread
D:4:      minmay_misc_feat_tower, uniq_natasha, uniq_edmund
D:5:      lemuel_coloured_pillars_altar, minmay_temple_entry_butterflies
D:6:      grunt_gozag_breadcrumbs, lightli_temple_of_fire, old_standard_altar
D:7:      kennysheep_housing_project, serial_shops, shop,
          nicolae_shop_waterfront, shop_fountains, uniq_joseph
D:8:      minmay_ornate_pinched, hangedman_tree_tricks
D:9:      gammafunk_temple_overflow_wave, uniq_grum, uniq_erica
D:10:     orc_0_dummy
D:11:     due_lair_maze_entry_diamond, uniq_nergalle
Temple:   eino_temple_water_12

Action                   |  1- 3 |  4- 6 |  7- 9 | 10-12 || total
-------------------------+-------+-------+-------+-------++-------
Melee: Flail             |    45 |   137 |   316 |   320 ||   818
Invok: Lesser Servant of |       |       |       |     4 ||     4
  Use: Potion            |       |     2 |     1 |     1 ||     4
       Scroll            |       |       |     7 |     9 ||    16
 Stab: Distracted        |       |       |       |     4 ||     4
  Eat: Chunk             |       |     6 |    13 |     7 ||    26
       Bread ration      |       |       |       |     1 ||     1
       Pizza             |       |       |       |     1 ||     1

Vault maps used:
D:1:      matt_arrival_spirals, ashenzari_altar_1
D:2:      cheibriados_altar_1, uniq_terence
D:3:      gup_sewer_entry_spiral, first_bread
D:4:      minmay_misc_feat_tower, uniq_natasha, uniq_edmund
D:5:      lemuel_coloured_pillars_altar, minmay_temple_entry_butterflies
D:6:      grunt_gozag_breadcrumbs, lightli_temple_of_fire, old_standard_altar
D:7:      kennysheep_housing_project, serial_shops, shop,
          nicolae_shop_waterfront, shop_fountains, uniq_joseph
D:8:      minmay_ornate_pinched, hangedman_tree_tricks
D:9:      gammafunk_temple_overflow_wave, uniq_grum, uniq_erica
D:10:     orc_0_dummy
D:11:     due_lair_maze_entry_diamond, uniq_nergalle
Temple:   eino_temple_water_12

Table legend:
 A = Turns spent in this place as a percentage of turns spent in the entire game.
 B = Non-inter-level travel turns spent in this place as a percentage of non-inter-level travel turns spent in the entire game.
 C = Inter-level travel turns spent in this place as a percentage of turns spent in this place.
 D = Turns resting spent in this place as a percentage of non-inter-level travel turns spent in this place.
 E = Turns spent auto-exploring this place as a percentage of non-inter-level travel turns spent in this place.
 F = Non-inter-level travel turns spent in this place divided by the number of levels of this place that you've seen.
                   A       B       C       D       E      F
               +-------+-------+-------+-------+-------+----------------------
         Total | 100.0 | 100.0 |   0.8 |   2.1 |  14.5 | 190.2
       Dungeon |  99.0 |  99.0 |   0.7 |   2.2 |  14.2 | 205.5
        Temple |   1.0 |   1.0 |   4.3 |   0.0 |  36.4 |  22.0
               +-------+-------+-------+-------+-------+----------------------

Table legend:
 A = Kills in this place as a percentage of kills in entire the game.
 B = Kills by you in this place as a percentage of kills by you in the entire game.
 C = Kills by friends in this place as a percentage of kills by friends in the entire game.
 D = Other kills in this place as a percentage of other kills in the entire game.
 E = Experience gained in this place as a percentage of experience gained in the entire game.
 F = Experience gained in this place divided by the number of levels of this place that you have seen.
                   A       B       C       D       E      F
               +-------+-------+-------+-------+-------+----------------------
         Total | 100.0 | 100.0 | 100.0 |  -nan | 100.0 | 1164.5
       Dungeon | 100.0 | 100.0 | 100.0 |  -nan | 100.0 | 1270.4
               +-------+-------+-------+-------+-------+----------------------
